 Dungeon Crawl Stone Soup version 0.29.1-2-gbd0b4ee654 (webtiles) character file.

Game seed: 2835492245818882662

572 Icepheonix32 the Changer (level 7, -15/51 HPs)
             Began as an Octopode Transmuter on Nov 18, 2022.
             Was an Initiate of Gozag.
             Demolished by an ogre
             ... wielding a +0 giant club
              (32 damage)
             ... on level 5 of the Dungeon.
             The game lasted 00:09:23 (4971 turns).

Icepheonix32 the Changer (Octopode Transmuter)      Turns: 4971, Time: 00:09:23

Health: -15/51     AC:  6    Str:  8    XL:     7   Next: 34%
Magic:  6/10       EV: 10    Int: 15    God:    Gozag
Gold:   101        SH:  5    Dex: 18    Spells: 3/10 levels left

rFire   x . .      SeeInvis .     - Unarmed
rCold   + + +      Faith    .   (shield currently unavailable)
rNeg    . . .      Spirit   .   (helmet currently unavailable)
rPois   +          Reflect  +   v - amulet of reflection
rElec   .          Harm     .   t - ring of flight
rCorr   .          Rampage  .   l - ring of wizardry
Will    .....                   (no ring)
Stlth   ++........              (no ring)
HPRegen 0.17/turn               (no ring)
MPRegen 0.12/turn               (no ring)
                                (no ring)
                                (no ring)

@: ice-form, flying
A: freezing attack, boosted hp, almost no armour, amphibious, 8 rings, large,
(camouflage 1), (gelatinous body 1), (nimble swimmer 1), (tentacles),
(iridescent scales 1), agile 1
a: End Transformation, Renounce Religion, Potion Petition, Call Merchant, Bribe
Branch


You were on level 5 of the Dungeon.
You worshipped Gozag.
Gozag was aware of your devotion.
You were a creature of crystalline ice.
You visited 2 branches of the dungeon, and saw 6 of its levels.

You collected 413 gold pieces.
You spent 203 gold pieces at shops.
You paid 109 gold pieces to Gozag.

Inventory:

Hand Weapons
 o - a +0 quarterstaff of protection
Missiles
 b - 5 poisoned darts
Jewellery
 l - a ring of wizardry (right front paw)
 t - a ring of flight (left front paw)
 v - an amulet of reflection (around neck)
Wands
 w - a wand of flame (22)
Scrolls
 c - a scroll of enchant armour
 d - a scroll of magic mapping
 f - a scroll of noise
 g - 2 scrolls of amnesia
 i - 2 scrolls of poison
 m - a scroll of enchant weapon
 n - a scroll of blinking
 u - 2 scrolls of identify
Potions
 a - a potion of lignification
 e - 3 potions of haste
 h - a potion of mutation
 j - 2 potions of invisibility
 k - 2 potions of curing
 p - a potion of attraction
 q - a potion of degeneration
 r - a potion of flight
 s - a potion of might


   Skills:
 - Level 1.0 Fighting
 - Level 2.0 Dodging
 - Level 3.0 Unarmed Combat
 - Level 2.0 Spellcasting
 + Level 7.0 Transmutations
 * Level 3.2 Ice Magic


You had 3 spell levels left.
You knew the following spells:

 Your Spells              Type           Power      Damage    Failure   Level
a - Beastly Appendage     Tmut           44%        N/A       1%          1
b - Ice Form              Ice/Tmut       16%        N/A       11%         4
c - Wereblood             Tmut           22%        N/A       1%          2

Your spell library contained the following spells:

 Spells                   Type           Power      Damage    Failure   Level
 Freeze                   Ice            44%        1d6       2%          1
 Spider Form              Tmut/Pois      12%        N/A       6%          3
 Frozen Ramparts          Ice            22%        1d4       7%          3
 Ozocubu's Armour         Ice            11%        N/A       7%          3
 Hailstorm                Conj/Ice       6%         3d4       41%         4
 Ozocubu's Refrigeration  Ice            5%         4d8       100%        7


Dungeon Overview and Level Annotations

Branches:
Dungeon (5/15)             Temple (1/1) D:5

Altars:
Cheibriados
Elyvilon
Gozag
Hepliaklqana
Okawaru
Qazlal
Sif Muna
Trog
Uskayaw
Vehumet
Xom
Yredelemnul
Zin

Shops:
D:2 ?!((=   D:4 =


Innate Abilities, Weirdness & Mutations

You are a creature of crystalline ice.
You have a powerful freezing melee attack.
Your maximum health is increased.
Your armour is entirely melded.
You are incapable of wielding weapons or throwing items.
You cannot wear most types of armour.
You are amphibious.
You can wear up to eight rings at the same time.
((Your skin changes colour to match your surroundings (Stealth+).))
((Your rubbery body absorbs attacks. (AC +1, EV +1)))
((You are camouflaged when in or above water. (Stealth+)))
((You have tentacles for arms and can constrict up to eight enemies at once.))
((You are partially covered in iridescent scales. (AC +2)))
You are agile. (Dex +4, Str/Int -1)


Message History

You now have 90 gold pieces (gained 10).
Things that are here:
a +0 dagger; a +0 leather armour You now have 101 gold pieces (gained 11).
Things that are here:
a +0 hand axe; a +0 whip Your transformation is almost over.
You warm up again.
Things that are here:
a +0 hand axe; a +0 whip
Things that are here:
a +0 dagger; a +0 leather armour
Found a stone staircase leading down.
Found a whip.
You see here a +0 whip.
An ogre comes into view. It is wielding a +0 giant club.
The ogre shouts!
Casting: Ice Form (quite dangerous; 11% risk of failure)
Confirm with . or Enter, or press ? or * to list all spells.
The spell is quite dangerous to miscast (11% risk of failure)!
Continue anyway?
You turn into a creature of crystalline ice.
Unknown command.
The ogre hits you with a +0 giant club!!
You hit the ogre. You freeze the ogre.
The ogre is lightly wounded.
You hit the ogre. You freeze the ogre.
The ogre is moderately wounded.
The ogre hits you with a +0 giant club!!
Ouch! That really hurt!
* * * LOW HITPOINT WARNING * * *
You are too injured to fight recklessly!
Unknown command.
You feel better. The ogre barely misses you.
You feel better.
You hit the ogre. You freeze the ogre.
The ogre is severely wounded.
The ogre hits you with a +0 giant club!!
Ouch! That really hurt!
You die...
Your body crumbles into a pile of gold.

##########
#########........#
..........######.#
########### #.#
...... #Y# ######
#.O# #.## #. ..
##. # #. ... #.
##.


You could see an ogre.

Vanquished Creatures
  Eustachio (D:5)
  A phantom (D:2)
  2 scorpions (D:5)
  A hound (D:5)
  Crazy Yiuf (D:4)
  Ijyb (D:5)
  An iguana (D:5)
  An orc wizard (D:5)
  6 adders
  A worm (D:3)
  2 dart slugs
  7 orcs
  9 endoplasms
  2 giant cockroaches
  4 hobgoblins
  3 quokkas
  6 ball pythons
  4 bats (D:1)
  5 frilled lizards
  6 goblins
  7 kobolds
  7 rats
78 creatures vanquished.

Notes
Turn   | Place    | Note
-------+----------+-------------------------------------------
     0 | D:1      | Icepheonix32 the Octopode Transmuter began the quest for
                  | the Orb.
     0 | D:1      | Reached XP level 1. HP: 13/13 MP: 3/3
   383 | D:1      | Reached XP level 2. HP: 18/18 MP: 5/5
   620 | D:1      | Reached skill level 3 in Transmutations
  1126 | D:2      | Noticed a phantom
  1159 | D:3      | Reached XP level 3. HP: 20/23 MP: 4/6
  1870 | D:3      | Reached skill level 4 in Transmutations
  1875 | D:3      | Found a faded altar of an unknown god.
  1959 | D:3      | Found a faded altar of an unknown god.
  2056 | D:3      | Reached XP level 4. HP: 11/28 MP: 5/7
  2357 | D:2      | Learned a level 4 spell: Ice Form
  2416 | D:2      | Found a glowing silver altar of Zin.
  2493 | D:2      | Found Qeumy's Weapon Shoppe.
  2562 | D:2      | Found Ducaathra's Distillery.
  2588 | D:2      | Bought a potion of attraction for 39 gold pieces
  2588 | D:2      | Bought a potion of degeneration for 13 gold pieces
  2588 | D:2      | Bought a potion of flight for 39 gold pieces
  2588 | D:2      | Bought a potion of might for 52 gold pieces
  2657 | D:2      | Found Jiorul's Jewellery Shop.
  2677 | D:2      | Killed a phantom
  2678 | D:2      | Reached skill level 5 in Transmutations
  2678 | D:2      | Reached skill level 1 in Ice Magic
  2678 | D:2      | Reached XP level 5. HP: 33/33 MP: 8/8
  2883 | D:2      | Gained mutation: You are partially covered in iridescent
                  | scales. (AC +2) [potion of mutation]
  2884 | D:2      | Lost mutation: You are partially covered in iridescent
                  | scales. (AC +2) [potion of mutation]
  2884 | D:2      | Gained mutation: You are agile. (Dex +4, Str/Int -1)
                  | [potion of mutation]
  2884 | D:2      | Gained mutation: You are partially covered in iridescent
                  | scales. (AC +2) [potion of mutation]
  2917 | D:2      | Found Pielaimo's Magic Scroll Emporium.
  2925 | D:2      | Bought a scroll of noise for 12 gold pieces
  2925 | D:2      | Bought a scroll of amnesia for 48 gold pieces
  3160 | D:2      | Found Leemitzerru's Weapon Boutique.
  3677 | D:4      | Found a runed translucent door.
  3678 | D:4      | Noticed Crazy Yiuf
  3900 | D:4      | Found a snail-covered altar of Cheibriados.
  3960 | D:4      | Found Kydutix's Jewellery Shop.
  4020 | D:4      | Learned a level 2 spell: Wereblood
  4159 | D:4      | Found a hazy altar of Hepliaklqana.
  4349 | D:4      | Killed Crazy Yiuf
  4350 | D:4      | Reached XP level 6. HP: 38/38 MP: 4/9
  4414 | D:5      | Entered Level 5 of the Dungeon
  4441 | D:5      | Found a staircase to the Ecumenical Temple.
  4443 | D:5      | Noticed Eustachio
  4464 | D:5      | Killed Eustachio
  4465 | D:5      | Reached skill level 6 in Transmutations
  4628 | Temple   | Entered the Ecumenical Temple
  4636 | Temple   | Became a worshipper of Gozag Ym Sagoz the Greedy
  4674 | D:5      | Noticed Ijyb
  4682 | D:5      | Killed Ijyb
  4857 | D:5      | Reached XP level 7. HP: 43/43 MP: 1/10
  4865 | D:5      | Reached skill level 7 in Transmutations
  4968 | D:5      | HP: 1/51 [ogre/+0 giant club (28)]
  4971 | D:5      | Demolished by an ogre

Illustrated notes

Levels and vault maps discovered:
D:1:      tarquinn_simple_flora_water_d, layout_rooms
D:2:      layout_loops_ring, basic_altar, serial_shops, nicolae_diamond_shop,
          shop_coins, nicolae_shop_bloodbath_and_beyond, nicolae_lakefront_shop,
          nicolae_shop_crystal, nicolae_elevator_lobby_plus
D:3:      layout_loops_ring, hellmonk_ecumenical_altar_the_god_not_taken
D:4:      layout_loops_corners, mainiacjoe_overflow_catwalk,
          nzn_hepliaklqana_mist_gate, serial_shops, nicolae_inconvenience_store,
          uniq_crazy_yiuf_cottage
D:5:      layout_loops_ring, minmay_temple_entry_butterflies, serial_shops,
          nicolae_lakefront_shop, supply_closet_lemuel, uniq_eustachio,
          uniq_ijyb
Temple:   compressed_dpeg_triangle_lava_temple

Skill      XL: |  1  2  3  4  5  6  7 |
---------------+----------------------+-----
Transmutations | 3 4 5 6 7 |  7.0
Ice Magic      | 1 2 3 |  3.2
Fighting       | |  1.0
Dodging        | |  2.0
Unarmed Combat | |  3.0
Spellcasting   | |  2.0

Action                   |  1- 3 |  4- 6 |  7- 9 || total
-------------------------+-------+-------+-------++-------
Melee: Unarmed           |    94 |   114 |    10 ||   218
       Tentacles         |    19 |    12 |       ||    31
       Constrict         |    27 |    18 |       ||    45
       Punch             |     2 |     1 |       ||     3
       Kick              |    21 |    18 |       ||    39
 Cast: Beastly Appendage |    18 |    18 |       ||    36
       Ice Form          |       |     4 |     1 ||     5
       Wereblood         |       |     1 |       ||     1
  Use: Scroll            |     3 |    11 |       ||    14
       Potion            |       |     3 |     2 ||     5
 Stab: Sleeping          |     3 |     8 |       ||    11
       Distracted        |       |     1 |       ||     1
Armor: Skin              |     7 |    33 |     1 ||    41
Dodge: Dodged            |    67 |    51 |     3 ||   121
Block: Other             |       |    12 |       ||    12
